 Dungeon Crawl Stone Soup version 0.21.0-24-g2553a33 (webtiles) character file.

587 tidbits the Firebug (level 7, 11/51 HPs)
             Began as a Gnoll Fire Elementalist on Jan 19, 2018.
             Was an Initiate of Cheibriados.
             Quit the game on level 6 of the Dungeon.
             The game lasted 00:10:26 (1185 turns).

tidbits the Firebug (Gnoll Fire Elementalist)       Turns: 1185, Time: 00:10:28

Health: 11/51      AC:  3    Str: 10 (12) XL:     7   Next: 38%
Magic:  1/15       EV: 15    Int: 19 (20) God:    Cheibriados [......]
Gold:   36         SH:  0    Dex: 16      Spells: 4/17 levels left

rFire    . . .     SeeInvis .   a - +0 rapier
rCold    . . .     Gourm    .   (no shield)
rNeg     . . .     Faith    .   B - +0 robe
rPois    .         Spirit   .   (no helmet)
rElec    .         Reflect  .   (no cloak)
rCorr    .         Harm     .   G - +0 pair of gloves
MR       .....                  (no boots)
Stlth    +++.......             m - amulet of regeneration
HPRegen  0.57/turn              (no ring)
MPRegen  0.14/turn              (no ring)

@: mildly poisoned (11 -> 9), very slightly contaminated, very slow
A: distributed training, fangs 1, strong nose
a: Bend Time, Renounce Religion


You were on level 6 of the Dungeon.
You worshipped Cheibriados.
Cheibriados was noncommittal.
You were full.

You visited 2 branches of the dungeon, and saw 8 of its levels.

You collected 138 gold pieces.
You spent 102 gold pieces at shops.

Inventory:

Hand Weapons
 a - a +0 rapier (weapon)
 b - a +0 dagger
 g - a cursed -1 long sword
Missiles
 f - 16 stones (quivered)
 i - 4 tomahawks
 r - 20 sling bullets
Armour
 d - a +0 ring mail
 B - a +0 robe (worn)
 G - a +0 pair of gloves (worn)
Jewellery
 m - an amulet of regeneration (around neck)
   (You found it on level 2 of the Dungeon)
Wands
 o - a wand of iceblast (4)
Scrolls
 h - 2 scrolls of amnesia
 j - a scroll of remove curse {unknown}
 l - 5 scrolls of teleportation
Potions
 p - a potion of berserk rage
 t - a potion of magic
Books
 e - a book of Flames

   Spells                             Type                      Level
   a - Flame Tongue                   Conjuration/Fire             1
   b - Throw Flame                    Conjuration/Fire             2
   c - Conjure Flame                  Conjuration/Fire             3
   d - Inner Flame                    Hexes/Fire                   3
   e - Sticky Flame                   Conjuration/Fire             4
   f - Fireball                       Conjuration/Fire             5
Comestibles
 c - 3 rations


   Skills:
 + Level 2.4 Fighting
 + Level 2.4 Short Blades
 + Level 2.4 Long Blades
 + Level 2.4 Axes
 + Level 2.4 Maces & Flails
 + Level 2.4 Polearms
 + Level 2.4 Staves
 + Level 2.4 Slings
 + Level 2.4 Bows
 + Level 2.4 Crossbows
 + Level 2.4 Throwing
 + Level 2.4 Armour
 + Level 5.2 Dodging
 + Level 4.8 Stealth
 + Level 2.4 Shields
 + Level 2.4 Unarmed Combat
 + Level 5.6 Spellcasting
 + Level 2.9 Conjurations
 + Level 2.0 Hexes
 + Level 2.0 Charms
 + Level 2.0 Summonings
 + Level 2.0 Necromancy
 + Level 2.0 Translocations
 + Level 2.0 Transmutations
 + Level 5.8 Fire Magic
 + Level 2.0 Ice Magic
 + Level 2.0 Air Magic
 + Level 2.0 Earth Magic
 + Level 2.0 Poison Magic
 + Level 2.6 Invocations
 + Level 2.4 Evocations


You had 4 spell levels left.
You knew the following spells:

 Your Spells              Type           Power        Failure   Level  Hunger
a - Flame Tongue          Conj/Fire      ###..        1%          1    None
c - Conjure Flame         Conj/Fire      ###.....     6%          3    ##.....
e - Sticky Flame          Conj/Fire      ###.....     19%         4    ####...
f - Throw Flame           Conj/Fire      ###...       3%          2    None
i - Inner Flame           Hex/Fire       ###.....     7%          3    ##.....


Dungeon Overview and Level Annotations

Branches:
Dungeon (7/15)             Temple (1/1) D:6

Altars:
Ashenzari
Cheibriados
Dithmenos
Elyvilon
Fedhas
Gozag
Hepliaklqana
Kikubaaqudgha
Makhleb
Nemelex Xobeh
Okawaru
Qazlal
Ru
Sif Muna
Trog
Uskayaw
Vehumet
Wu Jian
Xom
Yredelemnul
Zin
The Shining One

Shops:
D:5 ?

Annotations:
D:5 1 runed door
D:7 exclusion: hippogriff


Innate Abilities, Weirdness & Mutations

Your experience applies equally to all skills.
You have very sharp teeth.
Your uncanny sense of smell can sniff out nearby items.


Message History

The orc warrior is heavily wounded.
The orc warrior closely misses you.
You barely miss the orc warrior.
The orc warrior is heavily wounded.
The orc warrior barely misses you.
Casting: Flame Tongue
Confirm with . or Enter, or press ? or * to list all spells.
Aiming: Sticky Flame
Press: ? - help, Shift-Dir - straight line, f/p - orc warrior
Aim: an orc warrior, wielding a trident and wearing a chain mail (heavily wounded)
The sticky flame hits the orc warrior.
The orc warrior is heavily wounded.
The orc warrior is covered in liquid flames!
The orc warrior burns!
The orc warrior hits you with a trident!
* * * LOW HITPOINT WARNING * * *
You barely miss the orc warrior.
The orc warrior is severely wounded.
The orc warrior burns!
You flicker back into view.
The orc warrior burns! x2; The orc warrior throws a tomahawk.
The tomahawk closely misses you.
The orc warrior burns!
You kill the orc warrior!
Cheibriados appreciates the change of pace.
You feel your dexterity returning.
Things that are here:
a tomahawk; a long sword
g - a long sword;
i - a tomahawk You feel a little less clever now.
There is an open door here.
Things that are here:
a trident; a chain mail; 3 tomahawks
i - 4 tomahawks (gained 3)
You open the door.
An adder, an orc and a skeleton come into view.
Found a runed leather armour.
Wield which item (- for none, * to show all)? (? for menu, Esc to quit)
a - a +0 rapier (weapon)
The leopard gecko skeleton barely misses you.
You barely miss the leopard gecko skeleton.
The leopard gecko skeleton bites you.
* * * LOW HITPOINT WARNING * * *
You hit the leopard gecko skeleton.
You bite the leopard gecko skeleton, but do no damage.
The leopard gecko skeleton is heavily damaged.
The leopard gecko skeleton closely misses you.
You puncture the leopard gecko skeleton!
You destroy the leopard gecko skeleton!
Cheibriados appreciates the change of pace.
You open the door.
A hound, a scorpion, a zombie and a skeleton come into view.
Found 18 gold pieces.
There's a creature in the doorway!
The hound zombie closely misses you.
Casting: Sticky Flame
Confirm with . or Enter, or press ? or * to list all spells.
Aiming: Sticky Flame
Press: ? - help, Shift-Dir - straight line, f - hound zombie
Aim: a hound zombie You miscast Sticky Flame.
You are momentarily dazzled by a flash of light!
The hound zombie barely misses you.
Casting: Sticky Flame
Confirm with . or Enter, or press ? or * to list all spells.
Aiming: Sticky Flame
Press: ? - help, Shift-Dir - straight line, f/p - hound zombie
Aim: a hound zombie The sticky flame hits the hound zombie.
The hound zombie is moderately damaged.
The hound zombie is covered in liquid flames!
The hound zombie burns!
The hound zombie barely misses you.
The hound zombie burns!
The hound zombie closely misses you.
You hit the hound zombie.
The hound zombie is severely damaged.
The hound zombie burns!
The hound zombie barely misses you.
You barely miss the hound zombie.
The hound zombie is almost destroyed.
The hound zombie burns!
You destroy the hound zombie!
Cheibriados thoroughly appreciates the change of pace.
You feel your intelligence returning.
Your Hexes skill increases to level 2!
Your Charms skill increases to level 2!
Your Summonings skill increases to level 2!
Your Necromancy skill increases to level 2!
Your Translocations skill increases to level 2!
Your Transmutations skill increases to level 2!
Your Ice Magic skill increases to level 2!
Your Air Magic skill increases to level 2!
Your Earth Magic skill increases to level 2!
Your Poison Magic skill increases to level 2!
You hit the scorpion.
The scorpion is lightly wounded.
The scorpion stings you.
* * * LOW HITPOINT WARNING * * *
You are poisoned.
The scorpion poisons you! The scorpion stings you.
* * * LOW HITPOINT WARNING * * *
Okay, then.
Are you sure you want to abandon this character and quit the game? (Confirm with "yes".)

#.8.>.8...#..##...##.[#..#*****,*
#..⌠.⌠....#...##.##..S#....,,,,,>
#.8.8.8...##...#.#..o#*..###***,*
#......(...##.'#.#'.#*,..# *,,
######......###)..###....# *,*
#........).8........# *,* ##**
#......###...###....#*****,* ...*
#.....##,+#s#'.#*,..#,,,,,,, ...*
####.##,,,#@#..h#*,,#,,,,,,, ...*
#.#,,,*#.##Zs.#,,*,,,,,,, ...*
#.#∆,**...*#.$#,,******,* ...*
#.#***.....*###,,* *,* ...*
#..,,.......,,,,,* *,* ...*
****####.####***,* *,* ..,* #.#
*,* *,* .,,* #.# *,** *,* ****
*,* *,,* *,*


You could see a scorpion.

Vanquished Creatures
  An orc warrior (D:6)
  2 ogres
  An ice beast (D:5)
  A howler monkey (D:4)
  2 orc priests (D:7)
  A worker ant (D:6)
  A hound zombie (D:6)
  A hound skeleton (D:5)
  A gnoll (D:6)
  3 adders
  2 leopard geckos
  4 orcs
  A ball python (D:3)
  4 bats
  3 giant cockroaches
  4 goblins
  5 hobgoblins
  A quokka (D:4)
  4 frilled lizards
  A jackal skeleton (D:4)
  A jackal zombie (D:5)
  4 kobolds
  A leopard gecko skeleton (D:6)
  3 rats
52 creatures vanquished.

Notes
Turn   | Place    | Note
-------+----------+-------------------------------------------
     0 | D:1      | tidbits the Gnoll Fire Elementalist began the quest for the Orb.
     0 | D:1      | Reached XP level 1. HP: 13/13 MP: 6/6
    94 | D:1      | Reached skill level 2 in Conjurations
   124 | D:2      | Reached XP level 2. HP: 19/19 MP: 2/7
   130 | D:2      | Learned a level 2 spell: Throw Flame
   350 | D:2      | Reached skill level 5 in Spellcasting
   350 | D:2      | Reached XP level 3. HP: 25/25 MP: 7/9
   426 | D:2      | Reached skill level 1 in Invocations
   529 | D:4      | Reached skill level 1 in Fighting
   529 | D:4      | Reached skill level 1 in Short Blades
   529 | D:4      | Reached skill level 1 in Long Blades
   529 | D:4      | Reached skill level 1 in Axes
   529 | D:4      | Reached skill level 1 in Maces & Flails
   529 | D:4      | Reached skill level 1 in Polearms
   529 | D:4      | Reached skill level 1 in Staves
   529 | D:4      | Reached skill level 1 in Slings
   529 | D:4      | Reached skill level 1 in Bows
   529 | D:4      | Reached skill level 1 in Crossbows
   529 | D:4      | Reached skill level 1 in Throwing
   529 | D:4      | Reached skill level 1 in Armour
   529 | D:4      | Reached skill level 1 in Shields
   529 | D:4      | Reached skill level 1 in Unarmed Combat
   529 | D:4      | Reached skill level 1 in Evocations
   529 | D:4      | Reached XP level 4. HP: 25/32 MP: 6/11
   544 | D:4      | Reached skill level 1 in Hexes
   544 | D:4      | Reached skill level 1 in Charms
   544 | D:4      | Reached skill level 1 in Summonings
   544 | D:4      | Reached skill level 1 in Necromancy
   544 | D:4      | Reached skill level 1 in Translocations
   544 | D:4      | Reached skill level 1 in Transmutations
   544 | D:4      | Reached skill level 1 in Ice Magic
   544 | D:4      | Reached skill level 1 in Air Magic
   544 | D:4      | Reached skill level 1 in Earth Magic
   544 | D:4      | Reached skill level 1 in Poison Magic
   618 | D:4      | Learned a level 3 spell: Conjure Flame
   622 | D:4      | Learned a level 3 spell: Inner Flame
   627 | D:4      | Learned a level 4 spell: Sticky Flame
   675 | D:5      | Entered Level 5 of the Dungeon
   691 | D:5      | Noticed an ogre
   699 | D:5      | Killed an ogre
   699 | D:5      | Reached XP level 5. HP: 37/37 MP: 3/12
   710 | D:5      | Found a runed door.
   718 | D:5      | Noticed a sky beast
   733 | D:5      | Noticed an ice beast
   739 | D:5      | Killed an ice beast
   739 | D:5      | Reached skill level 2 in Invocations
   739 | D:5      | Reached XP level 6. HP: 44/44 MP: 4/13
   749 | D:5      | Found Jimidghu's Magic Scroll Boutique.
   761 | D:5      | Bought a scroll of identify for 24 gold pieces
   761 | D:5      | Bought a scroll of teleportation for 36 gold pieces
   761 | D:5      | Bought a scroll of magic mapping for 42 gold pieces
   784 | D:5      | Found a blossoming altar of Fedhas.
   809 | D:6      | Found a staircase to the Ecumenical Temple.
   818 | Temple   | Entered the Ecumenical Temple
   855 | Temple   | Became a worshipper of Cheibriados the Contemplative
   917 | D:5      | Reached skill level 5 in Dodging
   947 | D:4      | Reached skill level 2 in Fighting
   947 | D:4      | Reached skill level 2 in Short Blades
   947 | D:4      | Reached skill level 2 in Long Blades
   947 | D:4      | Reached skill level 2 in Axes
   947 | D:4      | Reached skill level 2 in Maces & Flails
   947 | D:4      | Reached skill level 2 in Polearms
   947 | D:4      | Reached skill level 2 in Staves
   947 | D:4      | Reached skill level 2 in Slings
   947 | D:4      | Reached skill level 2 in Bows
   947 | D:4      | Reached skill level 2 in Crossbows
   947 | D:4      | Reached skill level 2 in Throwing
   947 | D:4      | Reached skill level 2 in Armour
   947 | D:4      | Reached skill level 2 in Shields
   947 | D:4      | Reached skill level 2 in Unarmed Combat
   947 | D:4      | Reached skill level 2 in Evocations
  1008 | D:7      | HP: 3/44 [orc priest/divine providence (11)]
  1008 | D:7      | HP: 1/44 [orc/mace (2)]
  1013 | D:7      | Reached XP level 7. HP: 2/50 MP: 8/15
  1020 | D:7      | Noticed a hippogriff
  1183 | D:6      | Reached skill level 2 in Hexes
  1183 | D:6      | Reached skill level 2 in Charms
  1183 | D:6      | Reached skill level 2 in Summonings
  1183 | D:6      | Reached skill level 2 in Necromancy
  1183 | D:6      | Reached skill level 2 in Translocations
  1183 | D:6      | Reached skill level 2 in Transmutations
  1183 | D:6      | Reached skill level 2 in Ice Magic
  1183 | D:6      | Reached skill level 2 in Air Magic
  1183 | D:6      | Reached skill level 2 in Earth Magic
  1183 | D:6      | Reached skill level 2 in Poison Magic
  1185 | D:6      | Quit the game

Skill      XL: |  1  2  3  4  5  6  7 |
---------------+----------------------+-----
Conjurations   | 2 |  2.9
Spellcasting   | 5 |  5.6
Invocations    | 1 2 |  2.6
Fighting       | 1 2 |  2.4
Short Blades   | 1 2 |  2.4
Long Blades    | 1 2 |  2.4
Axes           | 1 2 |  2.4
Maces & Flails | 1 2 |  2.4
Polearms       | 1 2 |  2.4
Staves         | 1 2 |  2.4
Slings         | 1 2 |  2.4
Bows           | 1 2 |  2.4
Crossbows      | 1 2 |  2.4
Throwing       | 1 2 |  2.4
Armour         | 1 2 |  2.4
Shields        | 1 2 |  2.4
Unarmed Combat | 1 2 |  2.4
Evocations     | 1 2 |  2.4
Hexes          | 1 2 |  2.0
Charms         | 1 2 |  2.0
Summonings     | 1 2 |  2.0
Necromancy     | 1 2 |  2.0
Translocations | 1 2 |  2.0
Transmutations | 1 2 |  2.0
Ice Magic      | 1 2 |  2.0
Air Magic      | 1 2 |  2.0
Earth Magic    | 1 2 |  2.0
Poison Magic   | 1 2 |  2.0
Dodging        | 5 |  5.2
Stealth        | |  4.8
Fire Magic     | |  5.8

Action                   |  1- 3 |  4- 6 |  7- 9 || total
-------------------------+-------+-------+-------++-------
Melee: Dagger            |    10 |       |     7 ||    17
       Rapier            |    19 |    26 |    11 ||    56
       Bite              |     2 |     2 |     1 ||     5
       Unarmed           |       |       |     1 ||     1
 Cast: Flame Tongue      |    41 |    24 |     3 ||    68
       Throw Flame       |       |     4 |       ||     4
       Sticky Flame      |       |       |     3 ||     3
  Use: Scroll            |       |     5 |     1 ||     6
       Potion            |       |     2 |     4 ||     6
 Stab: Sleeping          |     1 |     3 |     1 ||     5
       Invisible         |       |       |     3 ||     3
  Eat: Ration            |     2 |       |       ||     2
Armor: Robe              |    11 |    12 |       ||    23
       Skin              |       |       |     1 ||     1
Dodge: Dodged            |    46 |    42 |    21 ||   109

Table legend:
 A = Turns spent in this place as a percentage of turns spent in the entire game.
 B = Non-inter-level travel turns spent in this place as a percentage of non-inter-level travel turns spent in the entire game.
 C = Inter-level travel turns spent in this place as a percentage of turns spent in this place.
 D = Turns resting spent in this place as a percentage of non-inter-level travel turns spent in this place.
 E = Turns spent auto-exploring this place as a percentage of non-inter-level travel turns spent in this place.
 F = Non-inter-level travel turns spent in this place divided by the number of levels of this place that you've seen.
                   A       B       C       D       E      F
               +-------+-------+-------+-------+-------+----------------------
         Total | 100.0 | 100.0 |   4.6 |   0.0 |   0.0 | 141.2
       Dungeon |  95.7 |  96.5 |   3.8 |   0.0 |   0.0 | 155.9
        Temple |   4.3 |   3.5 |  23.5 |   0.0 |   0.0 |  39.0
               +-------+-------+-------+-------+-------+----------------------

Table legend:
 A = Kills in this place as a percentage of kills in entire the game.
 B = Kills by you in this place as a percentage of kills by you in the entire game.
 C = Kills by friends in this place as a percentage of kills by friends in the entire game.
 D = Other kills in this place as a percentage of other kills in the entire game.
 E = Experience gained in this place as a percentage of experience gained in the entire game.
 F = Experience gained in this place divided by the number of levels of this place that you have seen.
                   A       B       C       D       E      F
               +-------+-------+-------+-------+-------+----------------------
         Total | 100.0 | 100.0 |   N/A |   N/A | 100.0 | 104.9
       Dungeon | 100.0 | 100.0 |   N/A |   N/A | 100.0 | 119.9
               +-------+-------+-------+-------+-------+----------------------

Vault maps used:
D:1:      dpeg_arrival_round_b
D:2:      first_ration, grunt_ministairs_1
D:4:      uniq_robin
D:5:      lemuel_insect_pit, kennysheep_mini, serial_corexii_hall,
          corexii_hall_statues_x, corexii_hall_statues_i, serial_shops, shop,
          lemuel_tele_altar
D:6:      cheibrodos_barr_body, minmay_temple_entry_statues_fountains,
          solitary_fountain
D:7:      st_stairs_6, uniq_pikel, uniq_menkaure
Temple:   compressed_dpeg_triangle_lava_temple
